 Dungeon Crawl Stone Soup version 0.29-a0-275-g389c0b56f3 (webtiles) character file.

Game seed: 2429189295653791897

5818 dracfodder the Thaumaturge (level 10, -4/52 HPs)
             Began as a Gargoyle Fire Elementalist on Mar 5, 2022.
             Was a Follower of Vehumet.
             Slain by a komodo dragon (21 damage)
             ... on level 10 of the Dungeon on Mar 9, 2022.
             The game lasted 01:24:06 (15322 turns).

dracfodder the Thaumaturge (GrFE)                  Turns: 15322, Time: 01:24:07

Health: -4/52      AC: 17    Str: 14    XL:     10   Next: 80%
Magic:  4/25       EV: 12    Int: 29    God:    Vehumet [*.....]
Gold:   463        SH:  0    Dex: 10    Spells: 17/31 levels left

rFire   . . .      SeeInvis +   m - +1 hand axe of Urgency {vorpal, Fragile Int+3 SInv}
rCold   . . .      Faith    .   (no shield)
rNeg    + . .      Spirit   .   E - +2 leather armour {Will+}
rPois   ∞          Reflect  .   (no helmet)
rElec   +          Harm     .   n - +1 cloak
rCorr   .          Rampage  .   f - +2 pair of gloves
Will    +....      Clarity  +   (no boots)
Stlth   ++........              e - amulet of the acrobat
HPRegen 0.17/turn               F - +6 ring of intelligence
MPRegen 0.19/turn               x - ring of flight

@: mighty, flying
A: sickness immunity, AC +7, negative energy resistance 1, electricity
resistance, torment resistance 1, petrification resistance, clarity, strong 1,
evolution 1
a: Renounce Religion


You were on level 10 of the Dungeon.
You worshipped Vehumet.
Vehumet was aware of your devotion.
You visited 2 branches of the dungeon, and saw 12 of its levels.

You collected 679 gold pieces.
You spent 216 gold pieces at shops.

Inventory:

Hand Weapons
 a - a +7 hand axe of flaming
 b - a +3 hunting sling
 m - the +1 hand axe of Urgency (weapon) {vorpal, Fragile Int+3 SInv}
   (You bought it in a shop on level 4 of the Dungeon)

   It inflicts extra damage upon your enemies.
   Int:       It affects your intelligence (+3).
   SInv:      It lets you see invisible.
   Fragile:   It will be destroyed if unequipped.
Missiles
 c - 343 stones
 d - 4 throwing nets
 k - 15 poisoned darts
 w - 5 atropa-tipped darts
Armour
 f - a +2 pair of gloves (worn)
 n - a +1 cloak (worn)
 s - a +2 robe of positive energy
 v - a +3 leather armour of cold resistance
 E - a +2 leather armour of willpower (worn)
Jewellery
 e - an amulet of the acrobat (around neck)
 g - a ring of see invisible
 i - a ring of willpower
 x - a ring of flight (right hand)
 B - a ring of resist corrosion
 F - a +6 ring of intelligence (left hand)
Wands
 q - a wand of flame (9)
 u - a wand of charming (3)
 y - a wand of iceblast (4)
 A - a wand of paralysis (2)
 H - a wand of mindburst (9)
 I - a wand of polymorph (6)
Scrolls
 h - a scroll of amnesia
 o - 4 scrolls of teleportation
 t - 2 scrolls of magic mapping
Potions
 j - 2 potions of heal wounds
 l - 2 potions of might
 p - a potion of haste {unknown}
 r - 2 potions of cancellation
 z - 2 potions of mutation
 C - 4 potions of brilliance {unknown}
 D - a potion of invisibility {unknown}
 G - a potion of curing {unknown}


   Skills:
 + Level 1.1 Fighting
 + Level 1.1 Axes
 + Level 0.4(0.9) Maces & Flails
 + Level 0.1 Throwing
 + Level 2.2 Armour
 + Level 2.8 Dodging
 + Level 3.2 Stealth
 * Level 11.0 Spellcasting
 + Level 5.3 Conjurations
 + Level 0.2 Translocations
 + Level 8.5 Fire Magic
 + Level 0.7 Evocations


You had 17 spell levels left.
You knew the following spells:

 Your Spells              Type           Power      Damage    Failure   Level
a - Foxfire               Conj/Fire      100%       2x1d9     1%          1
b - Scorch                Fire           100%       2d10      1%          2
c - Conjure Flame         Conj/Fire      54%        6-21      1%          3
d - Flame Wave            Conj/Fire      54%        2d11      2%          4
e - Blink                 Tloc           34%        N/A       6%          2
f - Ensorcelled Hibernat  Hex/Ice        32%        N/A       6%          2

Your spell library contained the following spells:

 Spells                   Type           Power      Damage    Failure   Level
 Freeze                   Ice            64%        1d8       4%          1
 Static Discharge         Conj/Air       31%        N/A       1%          2
 Inner Flame              Hex/Fire       40%        N/A       2%          3
 Ignite Poison            Fire/Tmut/Pois 32%        N/A       3%          3
 Mephitic Cloud           Conj/Pois/Air  26%        N/A       6%          3
 Gell's Gravitas          Tloc           17%        N/A       12%         3
 Lesser Beckoning         Tloc           17%        N/A       12%         3
 Spider Form              Tmut/Pois      16%        N/A       12%         3
 Teleport Other           Tloc           17%        N/A       12%         3
 Hailstorm                Conj/Ice       31%        3d8       14%         4
 Lightning Bolt           Conj/Air       15%        1d29      36%         5
 Anguish                  Hex/Necr       8%         N/A       38%         4
 Ice Form                 Ice/Tmut       16%        N/A       38%         4
 Freezing Cloud           Conj/Ice/Air   13%        6-21      50%         5
 Manifold Assault         Tloc           17%        N/A       71%         5
 Dispersal                Tloc           8%         N/A       99%         6
 Simulacrum               Ice/Necr       8%         N/A       99%         6
 Storm Form               Tmut/Air       8%         N/A       100%        7
 Maxwell's Capacitive Co  Air            8%         ∞         100%        8


Dungeon Overview and Level Annotations

Branches:
Dungeon (11/15)            Temple (1/1) D:5
   Lair: D:8-11         Orc: D:9-12

Altars:
Ashenzari
Cheibriados
Dithmenos
Elyvilon
Fedhas
Gozag
Hepliaklqana
Kikubaaqudgha
Makhleb
Nemelex Xobeh
Okawaru
Qazlal
Sif Muna
Trog
Uskayaw
Vehumet
Wu Jian
Xom
Yredelemnul
Zin
The Shining One

Shops:
D:2 [   D:4 (


Innate Abilities, Weirdness & Mutations

You are immune to sickness and miasma.
Your stone body is resilient. (AC +7)
You are immune to poison.
You resist negative energy. (rN+)
You are resistant to electric shocks. (rElec)
You are resistant to unholy torment.
You are immune to petrification.
You possess an exceptional clarity of mind.
Your muscles are strong. (Str +2)
You have hidden genetic potential.


Message History

Flames lash the orc warrior.
The orc warrior is burned terribly!
You kill the orc warrior!
Vehumet accepts your kill.
Casting: Scorch (safe; 1% risk of failure)
Press: ? - help, Q - select action, (/) - cycle Dir - look around, f - activate Flames lash the komodo dragon but do no damage.
Things that are here:
a +0 falchion; a +0 leather armour; an orc corpse
Casting: Scorch (safe; 1% risk of failure)
Press: ? - help, Q - select action, (/) - cycle Dir - look around, f - activate Flames lash the komodo dragon.
The komodo dragon is lightly wounded.
The komodo dragon's fire resistance burns away.
Casting: Scorch (safe; 1% risk of failure)
Confirm with . or Enter, or press ? or * to list all spells.
You conjure some foxfire!
The komodo dragon barely misses you.
Casting: Scorch (safe; 1% risk of failure)
Press: ? - help, Q - select action, (/) - cycle Dir - look around, f - activate Flames lash the orc wizard.
The orc wizard is lightly wounded.
The orc wizard's fire resistance burns away.
The foxfire hits the komodo dragon.
The komodo dragon is lightly wounded.
The foxfire hits the komodo dragon but does no damage.
The komodo dragon is lightly wounded.
The komodo dragon bites you but does no damage.
You closely miss the komodo dragon.
The komodo dragon is lightly wounded.
The komodo dragon bites you!
You feel very mighty all of a sudden.
The komodo dragon is no longer more vulnerable to fire.
The komodo dragon bites you but does no damage.
You slash the komodo dragon!
The komodo dragon is moderately wounded.
The orc wizard is no longer more vulnerable to fire.
The komodo dragon bites you!
You hit the komodo dragon.
The komodo dragon is heavily wounded.
The komodo dragon bites you!!
You die...

###.....### #### ##.........##
... #....♣♣.....# #..
##....♣♣.....# .!#..###
#....§....≈≈.. .o.).))#
###..≈≈.....≈≈.. .....#.#
#...§§≈.._...... ....
#.###########.#..§§......... ...
#....)).ool@..#........##...
################.####...##..##..#
...........# #....#...##......#
..........#######..............
.......<.......#######)....##..
####......#.......# #)#######..
#........#.......# #....# .#
#.<......#.......# #....# .#
#........#.......# ##.######.#


You could see a komodo dragon, an orc wizard and an orc.

Vanquished Creatures
  Joseph (D:7)
  A troll (D:5)
  A centaur simulacrum (D:10)
  A shadow (D:10)
  8 yaks
  A wyvern (D:9)
  Menkaure (D:7)
  A steam dragon (D:8)
  A water moccasin (D:5)
  An acid dragon (D:10)
  3 orc warriors
  2 black bears
  A sky beast (D:5)
  An ice beast (D:7)
  3 ogres
  3 centaurs
  A necrophage (D:5)
  3 bullfrogs
  A gnoll sergeant (D:7)
  5 scorpions
  5 wights
  6 hounds
  A jelly (D:6)
  Crazy Yiuf (D:7)
  6 orc priests
  Natasha (twice) (D:2)
  4 gnoll shamans
  4 iguanas
  6 orc wizards
  15 gnolls
  9 adders
  A shadow imp (D:7)
  3 white imps
  An ufetubus (D:5)
  2 dart slugs
  34 orcs
  6 ball pythons
  4 bats
  4 endoplasms
  2 giant cockroaches
  6 goblins
  7 hobgoblins
  10 jackals
  3 quokkas
  2 frilled lizards
  10 kobolds
  4 rats
198 creatures vanquished.

Vanquished Creatures (others)
  An orc (D:6)
  554 foxfires
555 creatures vanquished.

Grand Total: 753 creatures vanquished

Notes
Turn   | Place    | Note
-------+----------+-------------------------------------------
     0 | D:1      | dracfodder the Gargoyle Fire Elementalist began the quest
                  | for the Orb.
     0 | D:1      | Reached XP level 1. HP: 10/10 MP: 3/3
   219 | D:1      | Reached XP level 2. HP: 15/15 MP: 1/5
   270 | D:1      | Learned a level 2 spell: Scorch
  1053 | D:1      | Reached XP level 3. HP: 19/19 MP: 2/6
  1333 | D:1      | Upgraded the game from 0.29-a0-243-g602b31c20e to
                  | 0.29-a0-270-g1586fc07ea
  1370 | D:2      | Gained mutation: You do not regenerate when monsters are
                  | visible. [potion of mutation]
  1370 | D:2      | Gained mutation: You have a somewhat thin skeletal
                  | structure. (Dex +2, Stealth+) [potion of mutation]
  1370 | D:2      | Gained mutation: You are covered in fur. (AC +1) [potion of
                  | mutation]
  1635 | D:2      | Found a shadowy altar of Dithmenos.
  1641 | D:2      | Found Siomo's Armour Shoppe.
  1751 | D:2      | Found a faded altar of an unknown god.
  1759 | D:2      | Reached XP level 4. HP: 24/24 MP: 4/8
  1764 | D:2      | Reached skill level 3 in Spellcasting
  2623 | D:2      | Noticed Natasha
  2627 | D:2      | Killed Natasha
  2628 | D:2      | Reached XP level 5. HP: 26/28 MP: 5/10
  2745 | D:2      | Noticed Natasha
  2751 | D:2      | Killed Natasha
  3234 | D:3      | Noticed a black bear
  3246 | D:3      | Learned a level 3 spell: Conjure Flame
  3267 | D:3      | Killed a black bear
  3268 | D:3      | Reached skill level 4 in Spellcasting
  3268 | D:3      | Reached XP level 6. HP: 32/32 MP: 2/12
  4326 | D:4      | Found a shimmering altar of Xom.
  4977 | D:4      | Found Jiqollef's Antique Weapon Emporium.
  5369 | D:4      | Reached skill level 5 in Spellcasting
  5369 | D:4      | Reached XP level 7. HP: 36/36 MP: 5/14
  6298 | D:5      | Entered Level 5 of the Dungeon
  6427 | D:4      | Bought a slimy hand axe for 216 gold pieces
  6427 | D:4      | Identified the +1 hand axe of Urgency {vorpal, Fragile
                  | Int+3 SInv} (You bought it in a shop on level 4 of the
                  | Dungeon)
  6470 | D:5      | Reached skill level 5 in Fire Magic
  6473 | D:5      | Noticed a troll
  6486 | D:5      | Reached skill level 6 in Spellcasting
  6759 | D:5      | Reached XP level 8. HP: 29/41 MP: 7/17
  7004 | D:5      | Killed a troll
  7044 | D:5      | Lost mutation: You have a somewhat thin skeletal structure.
                  | (Dex +2, Stealth+) [potion of mutation]
  7044 | D:5      | Lost mutation: You are covered in fur. (AC +1) [potion of
                  | mutation]
  7044 | D:5      | Lost mutation: You do not regenerate when monsters are
                  | visible. [potion of mutation]
  7044 | D:5      | Gained mutation: Armour fits poorly on your strangely
                  | shaped body. [potion of mutation]
  7044 | D:5      | Gained mutation: Your flesh is heat resistant. (rF+)
                  | [potion of mutation]
  7085 | D:5      | Learned a level 4 spell: Flame Wave
  7333 | D:5      | Reached skill level 7 in Spellcasting
  7430 | D:5      | Found a staircase to the Ecumenical Temple.
  7440 | Temple   | Entered the Ecumenical Temple
  8412 | D:6      | Reached XP level 9. HP: 38/46 MP: 12/20
  9131 | D:6      | Reached skill level 1 in Fighting
  9299 | D:6      | Learned a level 2 spell: Blink
  9302 | D:6      | Learned a level 2 spell: Ensorcelled Hibernation
  9528 | D:6      | Reached skill level 8 in Spellcasting
  9989 | D:7      | Upgraded the game from 0.29-a0-270-g1586fc07ea to
                  | 0.29-a0-271-gd4eb659eea
 10098 | D:7      | Reached skill level 1 in Axes
 10329 | D:7      | Found a hide-covered altar of Uskayaw.
 10357 | D:7      | Found a radiant altar of Vehumet.
 10374 | D:7      | Became a worshipper of Vehumet
 10401 | D:7      | Found a glowing silver altar of Zin.
 10762 | D:7      | Noticed Joseph
 10774 | D:7      | Killed Joseph
 10775 | D:7      | Reached skill level 1 in Armour
 10868 | D:7      | Lost mutation: Your flesh is heat resistant. (rF+) [potion
                  | of mutation]
 10868 | D:7      | Lost mutation: Armour fits poorly on your strangely shaped
                  | body. [potion of mutation]
 10868 | D:7      | Gained mutation: Your muscles are strong. (Str +2) [potion
                  | of mutation]
 10869 | D:7      | Lost mutation: Your muscles are strong. (Str +2) [potion of
                  | mutation]
 10869 | D:7      | Gained mutation: Your muscles are strong. (Str +2) [potion
                  | of mutation]
 10869 | D:7      | Gained mutation: You have hidden genetic potential. [potion
                  | of mutation]
 11041 | D:7      | Upgraded the game from 0.29-a0-271-gd4eb659eea to
                  | 0.29-a0-275-g389c0b56f3
 11310 | D:7      | Noticed Menkaure
 11323 | D:7      | Killed Menkaure
 11324 | D:7      | Reached skill level 9 in Spellcasting
 11436 | D:8      | Noticed an unseen horror
 11490 | D:7      | Found a runed translucent door.
 11491 | D:7      | Noticed Crazy Yiuf
 11515 | D:7      | Found an opulent altar of Gozag.
 12024 | D:7      | Killed Crazy Yiuf
 12313 | D:8      | Found a shimmering blue altar of Sif Muna.
 12570 | D:8      | Reached skill level 5 in Conjurations
 12578 | D:8      | Reached XP level 10. HP: 33/52 MP: 0/23
 13246 | D:8      | Reached skill level 10 in Spellcasting
 13490 | D:9      | Gained mutation: You possess an exceptional clarity of
                  | mind. [hidden potential]
 13548 | D:9      | Reached * piety under Vehumet
 13548 | D:9      | Offered knowledge of Freeze by Vehumet.
 14209 | D:9      | Identified the +3 hand axe of Iwunataj {drain, *Slow rPois
                  | Will+ rCorr}
 14520 | D:10     | Entered Level 10 of the Dungeon
 15131 | D:10     | Found an ornate altar of the Wu Jian Council.
 15303 | D:10     | Reached skill level 11 in Spellcasting
 15322 | D:10     | Slain by a komodo dragon

Illustrated notes

Levels and vault maps discovered:
D:1:      wander_arrival_estate, layout_basic,
          nicolae_concentric_dashed_squares_wild
D:2:      layout_basic, serial_shops, shop_coins,
          shapermc_ecumenical_altar_venn, basic_altar, uniq_natasha
D:3:      layout_loops_ring
D:4:      layout_layer_cave, brannock_xom_greatest_gift, serial_shops,
          nicolae_take_the_stairs, roderic_lattice_a
D:5:      layout_rooms, lemuel_temple_firewalk_a, minmay_misc_feat_alley,
          corexii_corridor_pit, minmay_fractal_squares_diagonal_5
D:6:      layout_loops_corners
D:7:      layout_basic, nicolae_overflow_quartered_altars,
          uniq_crazy_yiuf_cottage, uniq_joseph, uniq_menkaure
D:8:      layout_loops_ring, nicolae_overflow_crystal_walls, serial_glass,
          glass_columns_a, glass_columns_a, feat_on_display,
          unseen_surprise_small
D:9:      layout_big_octagon
D:10:     layout_rooms, nicolae_wu_jian_wuxing_cycle,
          nicolae_ru_the_path_less_chosen, erik_orc_1, enter_trove_5,
          uniq_maurice
D:11:     minmay_the_grid_3x2 [minmay_the_grid_dragon_b,
          minmay_the_grid_large_cup, minmay_the_grid_dragon_a,
          minmay_the_grid_gridbox, minmay_the_grid_pillar_ring,
          minmay_the_grid_prize_trominoes], layout_cave_pools,
          grunt_lair_entry_orc_guard_hut, hellmonk_ghost_big_iron
Temple:   jpeg_temple_clearing

Skill      XL: |  1  2  3  4  5  6  7  8  9 10 |
---------------+-------------------------------+-----
Spellcasting   | 3 4 5 6 7 9 11 | 11.0
Fire Magic     | 4 5 6 7 8 |  8.5
Conjurations   | 2 3 4 5 |  5.3
Stealth        | 3 |  3.2
Dodging        | 2 |  2.8
Fighting       | 1 |  1.1
Axes           | 1 |  1.1
Armour         | 1 2 |  2.2
Maces & Flails | |  0.4
Throwing       | |  0.1
Translocations | |  0.2
Evocations     | |  0.7

Action                   |  1- 3 |  4- 6 |  7- 9 | 10-12 || total
-------------------------+-------+-------+-------+-------++-------
Melee: Whip              |    12 |     4 |       |       ||    16
       Dagger            |       |     1 |     7 |       ||     8
       Hand axe          |       |       |    38 |     7 ||    45
Throw: Dart              |       |     2 |       |       ||     2
 Cast: Foxfire           |    34 |    78 |   105 |   104 ||   321
       Scorch            |    11 |    17 |    88 |    63 ||   179
       Conjure Flame     |       |     1 |     6 |       ||     7
       Flame Wave        |       |       |     6 |       ||     6
       Blink             |       |       |     3 |       ||     3
       Ensorcelled Hiber |       |       |       |     1 ||     1
Evoke: Wand              |       |     3 |     7 |       ||    10
  Use: Scroll            |     6 |     8 |    11 |       ||    25
       Potion            |     1 |       |     3 |     3 ||     7
Armor: Robe              |     8 |     1 |    14 |       ||    23
       Leather armour    |       |       |    30 |    24 ||    54
Dodge: Dodged            |    14 |     1 |    80 |    41 ||   136

Table legend: (Time is in decaauts)
 A = Elapsed time spent in this place.
 B = Non-inter-level travel time spent in this place.
 C = Inter-level travel time spent in this place.
 D = Time resting spent in this place.
 E = Time spent auto-exploring this place.
 F = Levels seen in this place.
 G = Mean time per level.
                   A        B        C        D        E       F      G
               +--------+--------+--------+--------+--------+-----+--------+
         Total |  15348 |  14848 |    500 |   6278 |   6316 |  12 | 1279.0 |
       Dungeon |  15261 |  14778 |    483 |   6278 |   6261 |  11 | 1387.4 |
        Temple |     86 |     69 |     17 |      0 |     55 |   1 |   86.0 |
               +--------+--------+--------+--------+--------+-----+--------+

Top non-repeatable levels by time:
     D:4: 2365 daAuts
     D:7: 2106 daAuts
     D:6: 1886 daAuts
     D:8: 1799 daAuts
     D:2: 1775 daAuts
     D:1: 1360 daAuts
     D:5: 1358 daAuts
     D:3: 1167 daAuts
     D:9: 785 daAuts
    D:10: 652 daAuts
  Temple: 86 daAuts
    D:11: 1 daAuts
